 Dungeon Crawl Stone Soup version 0.21.1-1-g345015f (webtiles) character file.

63 FizzWizzy the Charmwright (level 4, -1/38 HPs)
             Began as a Gnoll Skald on Apr 30, 2018.
             Slain by a worm (8 damage)
             ... on level 2 of the Dungeon.
             The game lasted 00:08:12 (1694 turns).

FizzWizzy the Charmwright (Gnoll Skald)             Turns: 1694, Time: 00:08:13

Health: -1/38      AC:  6    Str: 15    XL:     4   Next: 9%
Magic:  11/11      EV: 11    Int: 15    God:
Gold:   72         SH:  0    Dex: 14    Spells: 12/13 levels left

rFire    . . .     SeeInvis .   a - +0 spear
rCold    . . .     Gourm    .   (no shield)
rNeg     . . .     Faith    .   n - +0 scale mail
rPois    .         Spirit   .   (no helmet)
rElec    .         Reflect  .   (no cloak)
rCorr    .         Harm     .   (no gloves)
MR       .....                  (no boots)
Stlth    ..........             (no amulet)
HPRegen  0.12/turn              l - ring of flight
MPRegen  0.12/turn              (no ring)

@: no status effects
A: distributed training, fangs 1, strong nose
a: Evoke Flight


You were on level 2 of the Dungeon.
You were not hungry.

You visited 1 branch of the dungeon, and saw 2 of its levels.

You collected 72 gold pieces.

Inventory:

Hand Weapons
 a - a +0 spear (weapon)
Armour
 b - a +0 leather armour
 k - a +0 robe
 n - a +0 scale mail (worn)
 o - a +0 ring mail
Jewellery
 l - a ring of flight (left hand)
Scrolls
 e - a scroll of remove curse {unknown}
 f - a scroll of amnesia {unknown}
 g - a scroll of noise {unknown}
 i - 3 scrolls of identify {unknown}
 m - 3 scrolls of teleportation {unknown}
 q - a scroll of fog {unknown}
 r - a scroll of enchant armour {unknown}
Potions
 h - a potion of haste {unknown}
 j - 2 potions of lignification {unknown}
 p - 3 potions of curing {unknown}
Books
 c - a book of Battle

   Spells                             Type                      Level
   a - Infusion                       Charms                       1
   b - Shroud of Golubria             Charms/Translocation         2
   c - Song of Slaying                Charms                       2
   d - Spectral Weapon                Hexes/Charms                 3
   e - Regeneration                   Charms/Necromancy            3
Comestibles
 d - 5 rations


   Skills:
 + Level 4.6 Fighting
 + Level 1.0 Short Blades
 + Level 1.0 Long Blades
 + Level 1.0 Axes
 + Level 1.0 Maces & Flails
 + Level 4.6 Polearms
 + Level 1.0 Staves
 + Level 1.0 Slings
 + Level 1.0 Bows
 + Level 1.0 Crossbows
 + Level 1.0 Throwing
 + Level 2.7 Armour
 + Level 4.6 Dodging
 + Level 1.0 Stealth
 + Level 1.0 Shields
 + Level 1.0 Unarmed Combat
 + Level 5.0 Spellcasting
 + Level 0.7 Conjurations
 + Level 0.7 Hexes
 + Level 5.4 Charms
 + Level 0.7 Summonings
 + Level 0.7 Necromancy
 + Level 0.7 Translocations
 + Level 0.7 Transmutations
 + Level 0.7 Fire Magic
 + Level 0.7 Ice Magic
 + Level 0.7 Air Magic
 + Level 0.7 Earth Magic
 + Level 0.7 Poison Magic
 + Level 1.1 Invocations
 + Level 1.0 Evocations


You had 12 spell levels left.
You knew the following spells:

 Your Spells              Type           Power        Failure   Level  Hunger
a - Infusion              Chrm           ###.         6%          1    None


Dungeon Overview and Level Annotations

Branches:
Dungeon (2/15)

Altars:
Trog
Yredelemnul


Innate Abilities, Weirdness & Mutations

Your experience applies equally to all skills.
You have very sharp teeth.
Your uncanny sense of smell can sniff out nearby items.


Message History

You hit the worm.
You kill the worm!
The rat bites you but does no damage. The rat closely misses you.
The worm bites you but does no damage. The rat barely misses you.
The rat closely misses you. The rat bites you.
The rat bites you but does no damage.
You see here a worm corpse.
You hit the rat but do no damage. The rat closely misses you.
The rat bites you but does no damage. The worm barely misses you.
The rat bites you.
You barely miss the worm. The rat barely misses you.
The rat closely misses you. The worm bites you!
* * * LOW HITPOINT WARNING * * *
The rat barely misses you. The rat bites you but does no damage.
You hit the worm.
The worm is lightly wounded.
The rat barely misses you. The rat bites you.
* * * LOW HITPOINT WARNING * * *
The worm bites you!
You die...

###########.# # #.. ......#.## #
###.###........## #
........###.....######### #
##.....................# #
#......###.....#######.# #
.#.###.## ##.###### #.# #
.#.###.# ###.rr.### #.# #
.......# ##...@r..# #.# #
##.##### #....w..).##.# #.#
#....#....##.# # #.#
####...###....#.# ## #.##
#..'...#y#._.)#.# #. #..##
#.##...###....#.## #.
##...####.##....#...)##(.#######.
#.......'..#.......).##..........
##...####..##.......##...########


You could see a moth of wrath, a worm (berserk) and 3 rats.

Vanquished Creatures
  3 adders (D:2)
  A worm (D:2)
  A goblin (D:2)
  3 hobgoblins
  6 jackals
  A ball python (D:1)
  3 bats
  A frilled lizard (D:2)
  2 gnoll zombies (D:2)
  6 kobolds
  4 rats (D:1)
31 creatures vanquished.

Notes
Turn   | Place    | Note
-------+----------+-------------------------------------------
     0 | D:1      | FizzWizzy the Gnoll Skald began the quest for the Orb.
     0 | D:1      | Reached XP level 1. HP: 20/20 MP: 6/6
   438 | D:1      | Reached XP level 2. HP: 18/26 MP: 7/7
   769 | D:2      | Reached XP level 3. HP: 17/31 MP: 9/9
   841 | D:2      | Reached skill level 5 in Spellcasting
  1029 | D:2      | Reached skill level 1 in Invocations
  1263 | D:2      | Reached skill level 1 in Short Blades
  1263 | D:2      | Reached skill level 1 in Long Blades
  1263 | D:2      | Reached skill level 1 in Axes
  1263 | D:2      | Reached skill level 1 in Maces & Flails
  1263 | D:2      | Reached skill level 1 in Staves
  1263 | D:2      | Reached skill level 1 in Slings
  1263 | D:2      | Reached skill level 1 in Bows
  1263 | D:2      | Reached skill level 1 in Crossbows
  1263 | D:2      | Reached skill level 1 in Throwing
  1263 | D:2      | Reached skill level 1 in Stealth
  1263 | D:2      | Reached skill level 1 in Shields
  1263 | D:2      | Reached skill level 1 in Unarmed Combat
  1263 | D:2      | Reached skill level 1 in Evocations
  1549 | D:2      | Reached XP level 4. HP: 35/38 MP: 11/11
  1612 | D:2      | Found a basalt altar of Yredelemnul.
  1677 | D:2      | Noticed a moth of wrath
  1679 | D:2      | Found a bloodstained altar of Trog.
  1694 | D:2      | Slain by a worm

Skill      XL: |  1  2  3 |
---------------+----------+-----
Spellcasting   | 5 |  5.0
Invocations    | 1 |  1.1
Short Blades   | 1 |  1.0
Long Blades    | 1 |  1.0
Axes           | 1 |  1.0
Maces & Flails | 1 |  1.0
Staves         | 1 |  1.0
Slings         | 1 |  1.0
Bows           | 1 |  1.0
Crossbows      | 1 |  1.0
Throwing       | 1 |  1.0
Stealth        | 1 |  1.0
Shields        | 1 |  1.0
Unarmed Combat | 1 |  1.0
Evocations     | 1 |  1.0
Fighting       | |  4.6
Polearms       | |  4.6
Armour         | |  2.7
Dodging        | |  4.6
Conjurations   | |  0.7
Hexes          | |  0.7
Charms         | |  5.4
Summonings     | |  0.7
Necromancy     | |  0.7
Translocations | |  0.7
Transmutations | |  0.7
Fire Magic     | |  0.7
Ice Magic      | |  0.7
Air Magic      | |  0.7
Earth Magic    | |  0.7
Poison Magic   | |  0.7

Action                   |  1- 3 |  4- 6 || total
-------------------------+-------+-------++-------
Melee: Spear             |   126 |    21 ||   147
       Bite              |    11 |     2 ||    13
 Cast: Infusion          |     2 |       ||     2
 Stab: Sleeping          |     1 |       ||     1
  Eat: Ration            |     1 |       ||     1
Armor: Leather armour    |    35 |       ||    35
       Scale mail        |    20 |     9 ||    29
Dodge: Dodged            |   119 |    23 ||   142
